 Dungeon Crawl Stone Soup version 0.30-a0-389-g8d7d949f56 (webtiles) character file.

Game seed: 3889540444434173899

9829 Bnni the Spear-Bearer (level 11, -3/92 HPs)
             Began as a Formicid Fighter on Dec 3, 2022.
             Was an Initiate of Yredelemnul.
             Slain by a freezing wraith (8 damage)
             ... on level 10 of the Dungeon.
             The game lasted 00:15:02 (9091 turns).

Bnni the Spear-Bearer (Formicid Fighter)            Turns: 9091, Time: 00:15:03

Health: -3/92      AC: 15    Str: 26    XL:     11   Next: 81%
Magic:  10/15      EV:  6    Int:  7    God:    Yredelemnul [......]
Gold:   1323       SH: 16    Dex: 13    Spells: 10/10 levels left

rFire   + . .      SeeInvis +    s - +9 halberd "Xioh" {vorpal, rF+}
rCold   . . .      Faith    .    z - +0 kite shield
rNeg    . . .      Spirit   .    K - +0 plate armour
rPois   +          Reflect  +    (helmet unavailable)
rElec   .          Harm     .    l - +2 cloak
rCorr   +          Rampage  .    (no gloves)
Will    +....                    w - +0 pair of boots
Stlth   ..........               B - amulet of reflection
HPRegen 0.35/turn                b - ring of resist corrosion
MPRegen 0.14/turn                D - ring of poison resistance

@: no status effects
A: permanent stasis, dig shafts and tunnels, antennae 3, four strong arms
a: Dig, Shaft Self, Renounce Religion, Recall Undead Harvest


You were on level 10 of the Dungeon.
You worshipped Yredelemnul.
Yredelemnul was noncommittal.
You visited 2 branches of the dungeon, and saw 11 of its levels.

You collected 1323 gold pieces.

Inventory:

Hand Weapons
 s - the +9 halberd "Xioh" (weapon) {vorpal, rF+}
   (You found it on level 10 of the Dungeon)

   It inflicts extra damage upon your enemies.
   rF:        It protects you from fire.
 y - a +2 trident of protection
Missiles
 i - 32 poisoned darts
 x - a throwing net
 H - a curare-tipped dart
Armour
 l - a +2 cloak (worn)
 w - a +0 pair of boots (worn)
 z - a +0 kite shield (worn)
 K - a +0 plate armour (worn)
Jewellery
 b - a ring of resist corrosion (left hand)
 B - an amulet of reflection (around neck)
 D - a ring of poison resistance (right hand)
Wands
 h - a wand of roots (10)
 t - a wand of polymorph (8)
 J - a wand of flame (18)
Scrolls
 e - 2 scrolls of amnesia
 g - 3 scrolls of butterflies
 j - a scroll of enchant weapon
 k - 3 scrolls of enchant armour {unknown}
 n - a scroll of silence
 o - a scroll of immolation
 p - 2 scrolls of vulnerability {unknown}
 q - a scroll of fear
 r - 2 scrolls of poison
 u - 5 scrolls of magic mapping {unknown}
 F - a scroll of brand weapon
Potions
 a - 5 potions of curing
 c - a potion of berserk rage {unknown}
 d - a potion of might
 m - 4 potions of haste {unknown}
 v - 5 potions of lignification {unknown}
 A - 3 potions of flight {unknown}
 C - a potion of cancellation {unknown}
 E - a potion of resistance {unknown}


   Skills:
 + Level 10.5 Fighting
 * Level 12.9 Polearms
 - Level 3.2 Armour
 - Level 10.0 Shields
 + Level 5.4 Invocations


You had 10 spell levels left.
You didn't know any spells.
Your spell library contained the following spells:

 Spells                   Type           Power      Damage    Failure   Level
 Ignite Poison            Fire/Tmut/Pois 0%         N/A       100%        3
 Inner Flame              Hex/Fire       0%         N/A       100%        3
 Kindle Blastsparks       Fire/Tloc/Air  0%         2d10      100%        3
 Flame Wave               Conj/Fire      0%         2d4       100%        4
 Sticky Flame             Conj/Fire      0%         2d3       100%        4
 Freezing Cloud           Conj/Ice/Air   0%         6-21      100%        5


Dungeon Overview and Level Annotations

Branches:
Dungeon (10/15)            Temple (1/1) D:5
   Lair: D:8-11         Orc: D:9-12

Altars:
Ashenzari
Cheibriados
Dithmenos
Elyvilon
Fedhas
Gozag
Hepliaklqana
Kikubaaqudgha
Makhleb
Nemelex Xobeh
Okawaru
Qazlal
Ru
Sif Muna
Trog
Uskayaw
Vehumet
Wu Jian
Xom
Yredelemnul
Zin
The Shining One

Shops:
D:9 *


Innate Abilities, Weirdness & Mutations

You cannot be hasted, slowed, berserked, paralysed or teleported.
You can dig through walls and to a lower floor.
You have a pair of large antennae on your head. (SInv)
Your four strong arms can wield two-handed weapons with a shield.


Message History

The shadow hits something!
You block fly's ghost's attack.
The freezing wraith hits something!
The freezing wraith freezes something.
The freezing wraith barely misses something.
You closely miss fly's ghost.
Fly's ghost is almost destroyed.
The shadow hits something!
Fly's ghost hits you but does no damage.
You barely miss fly's ghost.
Fly's ghost is almost destroyed.
Fly's ghost hits you. Fly's ghost freezes you.
You slash fly's ghost!
You destroy fly's ghost!
You closely miss the freezing wraith.
The shadow slips into darkness.
The shadow flickers and vanishes for a moment.
You slash the freezing wraith!
The freezing wraith is moderately damaged.
The freezing wraith hits you but does no damage.
You block the freezing wraith's attack. x2; The freezing wraith hits you.
You hit the freezing wraith.
The freezing wraith is heavily damaged.
The freezing wraith hits you but does no damage.
You block the freezing wraith's attack.
The freezing wraith hits you but does no damage.
You block the freezing wraith's attack.
You slice the freezing wraith!!
The freezing wraith is almost destroyed.
You block the freezing wraith's attack.
The freezing wraith hits you but does no damage.
The freezing wraith hits you. The freezing wraith freezes you!
The freezing wraith hits you.
You closely miss the freezing wraith.
The freezing wraith is almost destroyed.
You block the freezing wraith's attack. x2; The freezing wraith hits you!
* * * LOW HITPOINT WARNING * * *
The freezing wraith freezes you!!
* * * LOW HITPOINT WARNING * * *
The freezing wraith hits you!
You die...
Your body rises from the dead as a mindless zombie.

........##........Z......# ####.
...............##.##.....# #.
...............##.##.....# #.
#..............##.##.....# #.
.^.............##.##.....# #.
.......#..........##.....#### ##
.......#.......#..##........#####
.#.............WW.............)..
##.....#.......#@.##........#####
........###'''###.##.............
.......##.......#................
#.......##.....##................
........#.......#................
.....##.##.$$!.##.####...........
.....##.#..8.8..#................
........#########................
..............)..................


You could see 2 freezing wraiths.

Vanquished Creatures
  The ghost of fly the Basher, a novice HuDe of the Shining One (D:10)
  Joseph (D:9)
  A komodo dragon (D:10)
  Psyche (D:8)
  2 trolls
  A hornet (D:7)
  2 shadows
  8 yaks
  A wyvern (D:9)
  4 steam dragons
  A sky beast (D:8)
  3 orc warriors
  An ice beast (D:6)
  3 ogres
  4 kobold brigands
  A centaur (D:6)
  3 phantoms (D:5)
  3 bullfrogs
  A gnoll sergeant (D:5)
  3 necrophages
  3 scorpions
  11 wights
  23 killer bees
  4 howler monkeys
  6 crimson imps (D:8)
  2 orc priests
  3 hounds
  A jelly (D:4)
  3 gnoll boudas
  An iguana (D:5)
  8 orc wizards
  An adder (D:5)
  21 gnolls
  2 shadow imps (D:8)
  5 white imps
  3 worms
  2 dart slugs
  20 orcs
  A ball python (D:2)
  7 endoplasms
  2 giant cockroaches
  3 hobgoblins
  15 kobolds
  3 quokkas
  4 bats
  3 frilled lizards
  6 goblins
  2 rats (D:1)
  A spectral orc (D:9)
211 creatures vanquished.

Vanquished Creatures (collateral kills)
  A two-headed ogre (D:10)
  A yak (D:10)
  4 wights (D:9)
  2 killer bees (D:9)
  An orc (D:9)
  A kobold (D:9)
10 creatures vanquished.

Vanquished Creatures (others)
  A human zombie (D:9)
  5 killer bee zombies
  A howler monkey zombie (D:10)
  2 kobold zombies (D:9)
  7 orc zombies
  4 plants (D:5)
20 creatures vanquished.

Grand Total: 241 creatures vanquished

Notes
Turn   | Place    | Note
-------+----------+-------------------------------------------
     0 | D:1      | Bnni the Formicid Fighter began the quest for the Orb.
     0 | D:1      | Reached XP level 1. HP: 18/18 MP: 1/1
   190 | D:1      | Reached XP level 2. HP: 18/24 MP: 2/2
   659 | D:2      | Reached XP level 3. HP: 25/29 MP: 3/3
  2021 | D:4      | Noticed a necrophage
  2034 | D:4      | Killed a necrophage
  2035 | D:4      | Reached skill level 3 in Polearms
  2035 | D:4      | Reached skill level 5 in Shields
  2035 | D:4      | Reached XP level 4. HP: 35/37 MP: 4/4
  2035 | D:4      | Reached XP level 5. HP: 40/42 MP: 5/5
  2270 | D:4      | Reached skill level 4 in Polearms
  2379 | D:4      | Reached XP level 6. HP: 14/48 MP: 6/6
  2384 | D:4      | Reached skill level 5 in Fighting
  2384 | D:4      | Reached skill level 5 in Polearms
  2994 | D:5      | Entered Level 5 of the Dungeon
  2997 | D:5      | Found an opulent altar of Gozag.
  3034 | D:5      | Reached XP level 7. HP: 52/56 MP: 7/7
  3253 | D:5      | Reached skill level 6 in Polearms
  3375 | D:5      | Found a staircase to the Ecumenical Temple.
  3388 | D:5      | Reached XP level 8. HP: 60/64 MP: 8/8
  3396 | Temple   | Entered the Ecumenical Temple
  3540 | D:5      | Reached skill level 7 in Polearms
  3817 | D:5      | Found an ornate altar of the Wu Jian Council.
  4359 | D:5      | Found a white marble altar of Elyvilon.
  4987 | D:6      | Reached skill level 8 in Polearms
  5142 | D:6      | Found a sparkling altar of Nemelex Xobeh.
  5175 | D:6      | Reached XP level 9. HP: 51/72 MP: 9/9
  5390 | D:6      | Found a glowing golden altar of the Shining One.
  5522 | D:6      | Reached skill level 9 in Polearms
  5629 | D:6      | Found a radiant altar of Vehumet.
  5938 | D:7      | Found a shadowy altar of Dithmenos.
  5938 | D:7      | Noticed a hornet
  5944 | D:7      | Killed a hornet
  6052 | D:7      | Found a snail-covered altar of Cheibriados.
  6146 | D:7      | Reached XP level 10. HP: 70/80 MP: 10/10
  6447 | D:8      | Noticed Psyche
  6459 | D:8      | Killed Psyche
  6460 | D:8      | Reached skill level 10 in Polearms
  6466 | D:8      | Identified the +9 quarterstaff of Trauma {antimagic, Int+3}
  6862 | D:8      | Found a broken altar of Ashenzari.
  6941 | D:8      | Reached skill level 10 in Shields
  7092 | D:8      | Reached skill level 11 in Polearms
  7467 | D:8      | Found a shimmering blue altar of Sif Muna.
  7627 | D:9      | Found a basalt altar of Yredelemnul.
  7634 | D:9      | Became a worshipper of Yredelemnul the Dark
  7681 | D:9      | Reached * piety under Yredelemnul
  7688 | D:9      | Found Zin's Purification Station.
  7690 | D:9      | Found a glowing silver altar of Zin.
  7715 | D:9      | Reached ** piety under Yredelemnul
  7716 | D:9      | Reached skill level 1 in Invocations
  7890 | D:9      | Identified a scroll of acquirement
  7891 | D:9      | Acquired 746 gold pieces
  7965 | D:9      | Reached XP level 11. HP: 83/89 MP: 12/12
  7973 | D:9      | Reached *** piety under Yredelemnul
  8008 | D:9      | Noticed Joseph
  8032 | D:9      | Killed Joseph
  8032 | D:9      | Reached **** piety under Yredelemnul
  8191 | D:9      | Reached skill level 12 in Polearms
  8194 | D:9      | Your ally Joseph died
  8347 | D:9      | Reached skill level 10 in Fighting
  8365 | D:10     | Entered Level 10 of the Dungeon
  8408 | D:10     | Noticed a two-headed ogre
  8429 | D:10     | Killed a two-headed ogre
  8518 | D:10     | Found a bloodstained altar of Trog.
  8520 | D:10     | Identified the +9 halberd "Xioh" {vorpal, rF+}
  8687 | D:10     | Reached skill level 5 in Invocations
  8722 | D:10     | Found a runed translucent gate.
  8722 | D:10     | Found a runed translucent gate.
  8722 | D:10     | Found a runed translucent gate.
  8728 | D:10     | Noticed fly's ghost (novice HuDe)
  9086 | D:10     | Killed fly's ghost
  9091 | D:10     | Slain by a freezing wraith

Illustrated notes

Levels and vault maps discovered:
D:1:      minmay_arrival_four_houses, layout_loops_cross, dk_noncrumbling_4,
          ebering_dispersal_statue_hall
D:2:      layout_basic
D:3:      layout_loops_ring
D:4:      layout_gridville
D:5:      layout_basic, nicolae_elyvilon_temple_path, grunt_gozag_statues,
          mainiacjoe_overflow_paths, minmay_temple_entry_glass
D:6:      cheibrodos_steamvent, layout_basic, nemelex_dance_club_becter,
          mainiacjoe_overflow_alcove_4, fiery_altar_vehumet
D:7:      layout_basic, kennysheep_slug_shrine, nicolae_dithmenos_shadow_blocks
D:8:      layout_loops_cross, mainiacjoe_overflow_swirl, minmay_nine_imps,
          uniq_psyche
D:9:      layout_basic, yredelemnul_forgotten_temple_becter, zin_purify,
          grunt_ministairs_8, uniq_joseph
D:10:     layout_basic, overflow_temple_1_default, gammafunk_ghost_spectres
Temple:   hellmonk_temple_beads

Skill      XL: |  1  2  3  4  5  6  7  8  9 10 11 |
---------------+----------------------------------+-----
Fighting       | 4 5 6 7 8 9 10 | 10.5
Polearms       | 3 4 5 6 8 9 11 12 | 12.9
Shields        | 5 8 10 | 10.0
Invocations    | 1 5 |  5.4
Armour         | |  3.2

Action                   |  1- 3 |  4- 6 |  7- 9 | 10-12 || total
-------------------------+-------+-------+-------+-------++-------
Melee: Trident           |   102 |    92 |   309 |   433 ||   936
       Halberd           |       |       |    29 |    45 ||    74
Throw: Dart              |       |       |     4 |     1 ||     5
       Throwing net      |       |       |       |     1 ||     1
Invok: Recall Undead Har |       |       |       |     4 ||     4
       Dark Bargain      |       |       |       |     1 ||     1
 Abil: Dig               |       |     1 |     1 |       ||     2
  Use: Potion            |       |     9 |     1 |       ||    10
       Scroll            |       |     5 |     4 |     6 ||    15
Armor: Scale mail        |     6 |       |       |       ||     6
       Chain mail        |    21 |    46 |   126 |    87 ||   280
       Plate armour      |       |       |       |    55 ||    55
Dodge: Dodged            |    21 |    26 |    85 |    57 ||   189
Block: Buckler           |    15 |    24 |    29 |       ||    68
       Kite shield       |       |       |   147 |   264 ||   411
       Reflection        |       |       |     4 |     6 ||    10

Table legend: (Time is in decaauts)
 A = Elapsed time spent in this place.
 B = Non-inter-level travel time spent in this place.
 C = Inter-level travel time spent in this place.
 D = Time resting spent in this place.
 E = Time spent auto-exploring this place.
 F = Levels seen in this place.
 G = Mean time per level.
                   A        B        C        D        E       F      G
               +--------+--------+--------+--------+--------+-----+--------+
         Total |   9043 |   8855 |    188 |    706 |   6428 |  11 |  822.1 |
       Dungeon |   8931 |   8755 |    176 |    706 |   6339 |  10 |  893.1 |
        Temple |    111 |     99 |     12 |      0 |     89 |   1 |  111.0 |
               +--------+--------+--------+--------+--------+-----+--------+

Top non-repeatable levels by time:
     D:5: 1762 daAuts
     D:8: 1057 daAuts
     D:4: 1021 daAuts
     D:6: 864 daAuts
     D:9: 838 daAuts
     D:3: 725 daAuts
    D:10: 713 daAuts
     D:7: 673 daAuts
     D:2: 649 daAuts
     D:1: 627 daAuts
  Temple: 111 daAuts
